cohdb
Replays
Latest Replays
All Replays
Popular Replays
Top Player Replays
Match Explorer
How It Works
Community
CoH3 Stats
Reddit
Sign in to upload your games and track your stats! →
Sign in with Steam
Match 47386982
Unlisted
Match 47386982
Overview
Messages
Build Orders
End
Selects Italian Combined Arms Battlegroup
Selects Bersaglieri Squad
Bersaglieri Squad
Kradschützen Motorcycle Team
Bersaglieri Squad
Bersaglieri Squad
Construct Light Support Kompanie
2.5-tonne Medical Truck
Fire Support Elements
Selects Bersaglieri Bolster
Panzerjäger Mechanized Group
Selects Vehicle Support - Force Recon
Bersaglieri Squad
Construct Panzerarmee Kommand
Selects Semovente da 75/18 Assault Gun
Semovente da 75/18 Assault Gun
Panzerjäger Mechanized Group
Advanced Field Repairs
Vehicle Survival Package
ConcernedApe
badiba
Mad.Marco
Backslider
0
0
Comments
sign in to comment!
No comments posted yet!